NWL (28 & UNDER)
SAN DIEGO SMASHERS @ CULVER CITY EXTRAS
05/06/2026
 
TOP OF THE 1ST
San Diego Smashers batting - Pitching for Culver City Extras : RHP Diego González
Pitching: RHP Diego González
Batting: RHB António López 0-0: Ball
1-0: Ball
2-0: Ground out 5-3 (Groundball, 5L)
Batting: SHB Adrián Nieto 0-0: Ground out 4-3 (Groundball, 4M)
Batting: RHB Phil White 0-0: Called Strike
0-1: Ball
1-1: Ball
2-1: Ball
3-1: Ground out 1-3 (Groundball, 23)
Top of the 1st over - 0 run(s), 0 hit(s), 0 error(s), 0 left on base; San Diego 0 - Culver City 0
BOTTOM OF THE 1ST
Culver City Extras batting - Pitching for San Diego Smashers : LHP Juan Mendoza
Pitching: LHP Juan Mendoza
Batting: RHB Lorne Witcher 0-0: Swinging Strike
0-1: Fly out, F3 (Popup, 34)
Batting: LHB Nick English 0-0: Ball
1-0: Fly out, F5 (Popup, 15)
Batting: LHB Tanyu Imai 0-0: Called Strike
0-1: Ball
1-1: Ball
2-1: Ball
3-1: Ground out 4-3 (Groundball, 4S)
Bottom of the 1st over - 0 run(s), 0 hit(s), 0 error(s), 0 left on base; San Diego 0 - Culver City 0
TOP OF THE 2ND
San Diego Smashers batting - Pitching for Culver City Extras : RHP Diego González
Batting: RHB Marty Hendrickson 0-0: Ball
1-0: Ball
2-0: Ball
3-0: Called Strike
3-1: Base on Balls
Batting: RHB Fred Ameris 0-0: Ball
1-0: SINGLE (Line Drive, 7LS)
Marty Hendrickson to second
Batting: LHB Ramiro Martínez 0-0: Ball
Balk!
Marty Hendrickson to third
Fred Ameris to second
1-0: Foul Ball, location: 2F
1-1: Ball
2-1: Swinging Strike
2-2: Ball
3-2: Strikes out looking
Batting: RHB Manuel Muńóz 0-0: Ground out 5-3 (Groundball, 5L)
Batting: RHB Bonifacio Torres 0-0: SINGLE (Groundball, 56)
Marty Hendrickson scores
Fred Ameris to third
Runner from 3rd tries for Home, SAFE, throw made home
Batting: RHB Ryan Cates 0-0: Called Strike
0-1: Fielders Choice at 2nd, 5-4 (Groundball, 5)
Top of the 2nd over - 2 run(s), 2 hit(s), 0 error(s), 0 left on base; San Diego 2 - Culver City 0
BOTTOM OF THE 2ND
Culver City Extras batting - Pitching for San Diego Smashers : LHP Juan Mendoza
Batting: SHB Lawrence Steward 0-0: Foul Ball, location: 2F
0-1: Swinging Strike
0-2: Ball
1-2: Ball
2-2: Ball
3-2: SINGLE (Line Drive, 5)
Batting: RHB Ben Alexander 0-0: Grounds into double play, 1-4-3 (Groundball, 13S)
Batting: RHB Tony Cruz 0-0: Called Strike
0-1: Called Strike
0-2: Foul Ball, location: 2F
0-2: Foul Ball, location: 2F
0-2: Strikes out swinging
Bottom of the 2nd over - 0 run(s), 1 hit(s), 0 error(s), 0 left on base; San Diego 2 - Culver City 0
TOP OF THE 3RD
San Diego Smashers batting - Pitching for Culver City Extras : RHP Diego González
Batting: RHB António López 0-0: Ball
1-0: Ground out 6-3 (Groundball, 6)
Batting: SHB Adrián Nieto 0-0: Ball
1-0: Swinging Strike
1-1: Ball
2-1: Ground out 6-3 (Groundball, 6)
Batting: RHB Phil White 0-0: Called Strike
0-1: Ground out 6-3 (Groundball, 6D)
Top of the 3rd over - 0 run(s), 0 hit(s), 0 error(s), 0 left on base; San Diego 2 - Culver City 0
BOTTOM OF THE 3RD
Culver City Extras batting - Pitching for San Diego Smashers : LHP Juan Mendoza
Batting: RHB Jesús Aquino 0-0: Called Strike
0-1: Ball
1-1: Ball
2-1: Ball
3-1: Foul Ball, location: 2F
3-2: Strikes out swinging
Batting: RHB Dave Anderson 0-0: Called Strike
0-1: Called Strike
0-2: Ball
1-2: Ball
2-2: Strikes out looking
Batting: RHB Quincy Vance 0-0: Ball
1-0: Ball
2-0: Called Strike
2-1: Called Strike
2-2: Ball
3-2: Foul Ball, location: 2F
3-2: Ground out 6-3 (Groundball, 6M)
Bottom of the 3rd over - 0 run(s), 0 hit(s), 0 error(s), 0 left on base; San Diego 2 - Culver City 0
TOP OF THE 4TH
San Diego Smashers batting - Pitching for Culver City Extras : RHP Diego González
Batting: RHB Marty Hendrickson 0-0: Ball
1-0: Foul Ball, location: 2F
1-1: Ball
2-1: Foul Ball, location: 2F
2-2: Ball
3-2: Fly out, F8 (Flyball, 8RXD)
Batting: RHB Fred Ameris 0-0: SINGLE (Line Drive, 8LS)
Batting: LHB Ramiro Martínez 0-0: Called Strike
Fred Ameris steals 2nd base
0-1: Ball
1-1: Called Strike
1-2: Foul Ball, location: 2F
1-2: Ball
2-2: Foul Ball, location: 2F
2-2: Foul Ball, location: 2F
2-2: Strikes out looking
Batting: RHB Manuel Muńóz 0-0: Called Strike
0-1: Ball
1-1: Ball
2-1: Called Strike
2-2: Ball
3-2: Strikes out swinging
Top of the 4th over - 0 run(s), 1 hit(s), 0 error(s), 1 left on base; San Diego 2 - Culver City 0
BOTTOM OF THE 4TH
Culver City Extras batting - Pitching for San Diego Smashers : LHP Juan Mendoza
Batting: RHB Lorne Witcher 0-0: Called Strike
0-1: Foul Ball, location: 2F
0-2: Foul Ball, location: 2F
0-2: Ball
1-2: Ball
2-2: Strikes out swinging
Batting: LHB Nick English 0-0: Ball
1-0: Ball
2-0: Foul Ball, location: 2F
2-1: Ball
3-1: Base on Balls
Batting: LHB Tanyu Imai 0-0: Called Strike
0-1: Ball
1-1: Foul Ball, location: 2F
1-2: Ball
Nick English is caught stealing 2nd base
2-2: Ground out 6-3 (Groundball, 6M)
Bottom of the 4th over - 0 run(s), 0 hit(s), 0 error(s), 0 left on base; San Diego 2 - Culver City 0
TOP OF THE 5TH
San Diego Smashers batting - Pitching for Culver City Extras : RHP Diego González
Batting: RHB Bonifacio Torres 0-0: Called Strike
0-1: Foul Ball, location: 2F
0-2: Foul Ball, location: 2F
0-2: Ball
1-2: SINGLE (Flyball, 89S) - OUT at second base trying to stretch hit.
Batting: RHB Ryan Cates 0-0: Ball
1-0: Foul Ball, location: 2F
1-1: Swinging Strike
1-2: Foul Ball, location: 2F
1-2: Strikes out looking
Batting: RHB António López 0-0: Ball
1-0: Called Strike
1-1: Foul Ball, location: 2F
1-2: Strikes out swinging
Top of the 5th over - 0 run(s), 1 hit(s), 0 error(s), 0 left on base; San Diego 2 - Culver City 0
BOTTOM OF THE 5TH
Culver City Extras batting - Pitching for San Diego Smashers : LHP Juan Mendoza
Batting: SHB Lawrence Steward 0-0: Ball
1-0: Ball
2-0: Ball
3-0: Called Strike
3-1: Base on Balls
Batting: RHB Ben Alexander 0-0: Ball
1-0: Fly out, F8 (Flyball, 8RM)
Batting: RHB Tony Cruz 0-0: Called Strike
0-1: SINGLE (Line Drive, 4MD)
Lawrence Steward to second
Batting: RHB Jesús Aquino 0-0: Called Strike
0-1: Foul Ball, location: 2F
0-2: Strikes out swinging
Batting: RHB Dave Anderson 0-0: Called Strike
0-1: Foul Ball, location: 2F
0-2: Ball
1-2: Ball
2-2: Foul Ball, location: 2F
2-2: Ball
3-2: SINGLE (Line Drive, 8RS)
Lawrence Steward to third
Tony Cruz to second
Lawrence Steward scores
Tony Cruz to third
Batting: RHB Quincy Vance 0-0: SINGLE (Line Drive, 4)
Tony Cruz scores
Dave Anderson to second
Batting: RHB Lorne Witcher 0-0: Swinging Strike
0-1: Ball
1-1: Ball
2-1: Called Strike
2-2: Ball
Passed Ball!
Dave Anderson to third
Quincy Vance to second
3-2: Ground out 3-1 (Groundball, 3L)
Bottom of the 5th over - 2 run(s), 3 hit(s), 0 error(s), 2 left on base; San Diego 2 - Culver City 2
TOP OF THE 6TH
San Diego Smashers batting - Pitching for Culver City Extras : RHP Diego González
Batting: SHB Adrián Nieto 0-0: Ball
1-0: Foul Ball, location: 2F
1-1: Fly out, F8 (Flyball, 8RM)
Batting: RHB Phil White 0-0: Ball
1-0: Called Strike
1-1: Ball
2-1: Ball
3-1: Base on Balls
Batting: RHB Marty Hendrickson 0-0: Ball
1-0: Ball
2-0: Called Strike
2-1: Foul Ball, location: 2F
2-2: Ball
3-2: Base on Balls
Phil White to second
Batting: RHB Fred Ameris 0-0: Ball
1-0: Called Strike
1-1: Grounds into double play, 4-6-3 (Groundball, 4)
Top of the 6th over - 0 run(s), 0 hit(s), 0 error(s), 1 left on base; San Diego 2 - Culver City 2
BOTTOM OF THE 6TH
Culver City Extras batting - Pitching for San Diego Smashers : LHP Juan Mendoza
Batting: LHB Nick English 0-0: Ball
1-0: Ball
2-0: Foul Ball, location: 2F
2-1: Foul Ball, location: 2F
2-2: SINGLE (Groundball, 34D)
Pitching: LHP Geoff Williams
Batting: LHB Tanyu Imai 0-0: Called Strike
0-1: Called Strike
0-2: Hit by Pitch
Nick English to second
Batting: SHB Lawrence Steward 0-0: Ball
1-0: Foul Ball, location: 2F
1-1: Grounds into double play, 6-4-3 (Groundball, 6M)
Nick English to third
Batting: RHB Ben Alexander 0-0: SINGLE (Line Drive, 7LM)
Nick English scores
Batting: RHB Tony Cruz 0-0: Ball
1-0: Ball
2-0: Foul Ball, location: 2F
2-1: Foul Ball, location: 2F
2-2: Foul Ball, location: 2F
2-2: Ball
3-2: Foul Ball, location: 2F
3-2: Ground out U3 (Groundball, 3L)
Bottom of the 6th over - 1 run(s), 2 hit(s), 0 error(s), 1 left on base; San Diego 2 - Culver City 3
TOP OF THE 7TH
San Diego Smashers batting - Pitching for Culver City Extras : RHP Diego González
Batting: LHB Ramiro Martínez 0-0: Ball
1-0: Called Strike
1-1: Ball
2-1: Called Strike
2-2: Strikes out looking
Batting: RHB Manuel Muńóz 0-0: Called Strike
0-1: Foul Ball, location: 2F
0-2: Ball
1-2: Ball
2-2: Fly out, F8 (Flyball, 8LXD)
Batting: RHB Bonifacio Torres 0-0: Called Strike
0-1: SINGLE (Line Drive, 9S)
Pitching: RHP Pedro Días
Pinch Hitting: RHB Alfredo López 0-0: Swinging Strike
0-1: Foul Ball, location: 2F
0-2: Ball
1-2: Ball
2-2: SINGLE (Flyball, 56D)
Bonifacio Torres to second
Batting: RHB António López 0-0: Fly out, F4 (Line Drive, 4)
Top of the 7th over - 0 run(s), 2 hit(s), 0 error(s), 2 left on base; San Diego 2 - Culver City 3
BOTTOM OF THE 7TH
Culver City Extras batting - Pitching for San Diego Smashers : LHP Geoff Williams
Now at 3B: John Nelson
Batting: RHB Jesús Aquino 0-0: Ball
1-0: Foul Ball, location: 2F
1-1: Ball
2-1: Fly out, F8 (Flyball, 8LXD)
Batting: RHB Dave Anderson 0-0: Ball
1-0: Ball
2-0: Ball
3-0: Called Strike
3-1: Base on Balls
Pinch Hitting: RHB Jesús Hernández 0-0: Ball
1-0: Ball
2-0: Called Strike
2-1: Ball
3-1: Fielders Choice at 2nd, 6-4 (Groundball, 6M)
Batting: RHB Lorne Witcher 0-0: Ball
1-0: Ball
2-0: Ball
3-0: Base on Balls
Jesús Hernández to second
Pinch Hitting: RHB Max Alexander 0-0: Ball
1-0: Swinging Strike
1-1: Ball
2-1: Foul Ball, location: 2F
2-2: Strikes out swinging
Bottom of the 7th over - 0 run(s), 0 hit(s), 0 error(s), 2 left on base; San Diego 2 - Culver City 3
TOP OF THE 8TH
San Diego Smashers batting - Pitching for Culver City Extras : RHP Pedro Días
Now in LF: Jesús Hernández
Now in CF: Víctor Arredondo
Batting: SHB Adrián Nieto 0-0: Ball
1-0: Foul Ball, location: 2F
1-1: Foul Ball, location: 2F
1-2: SINGLE (Groundball, 4M)
Pinch Runner at 1st Jorge Collazo:
Batting: RHB Phil White 0-0: Foul Ball, location: 2F
0-1: Called Strike
0-2: Ball
1-2: Grounds into double play, 5-4-3 (Groundball, 5)
Batting: RHB Marty Hendrickson 0-0: Ball
1-0: Called Strike
1-1: Ball
2-1: Foul Ball, location: 2F
2-2: Ball
3-2: Base on Balls
Batting: RHB Fred Ameris 0-0: Foul Ball, location: 2F
0-1: Ball
1-1: Ball
2-1: Swinging Strike
2-2: Strikes out swinging
Top of the 8th over - 0 run(s), 1 hit(s), 0 error(s), 1 left on base; San Diego 2 - Culver City 3
BOTTOM OF THE 8TH
Culver City Extras batting - Pitching for San Diego Smashers : LHP Geoff Williams
Now at 2B: Jorge Collazo
Batting: LHB Tanyu Imai 0-0: Ball
1-0: Ground out 4-3 (Groundball, 4M)
Pitching: LHP Raymond Ritchie
Batting: SHB Lawrence Steward 0-0: Swinging Strike
0-1: Reached on Error, E4 (Popup, 4)
Batting: RHB Ben Alexander 0-0: Ball
1-0: Ball
2-0: Grounds into double play, 4-6-3 (Groundball, 34)
Bottom of the 8th over - 0 run(s), 0 hit(s), 1 error(s), 0 left on base; San Diego 2 - Culver City 3
TOP OF THE 9TH
San Diego Smashers batting - Pitching for Culver City Extras : RHP Pedro Días
Pitching: RHP Alden Parker
Now at 2B: Brian Ford
Batting: LHB Ramiro Martínez 0-0: Ball
1-0: Swinging Strike
1-1: Foul Ball, location: 2F
1-2: Ball
2-2: Foul Ball, location: 2F
2-2: Strikes out swinging
Batting: RHB Manuel Muńóz 0-0: Called Strike
0-1: Ball
1-1: Ball
2-1: Foul Ball, location: 2F
2-2: SINGLE (Groundball, 5L)
Batting: RHB Bonifacio Torres 0-0: Called Strike
0-1: Called Strike
0-2: Foul Ball, location: 2F
0-2: Ball
1-2: Strikes out swinging
Pinch Hitting: LHB Francisco Medina 0-0: Called Strike
0-1: Ball
1-1: Ball
2-1: Foul Ball, location: 2F
2-2: Ground out 3-1 (Groundball, 34)
Top of the 9th over - 0 run(s), 1 hit(s), 0 error(s), 1 left on base; San Diego 2 - Culver City 3
Monday, December 5th, 2016 - OOTP Baseball 17.12 Build 75